Pirates vs Bears

Created - Saturday, March 12, 2016 at 04:12

Goals
1 2 3 T
Pirates 0 0 0 0
Bears 3 1 3 7
Shots
1 2 3 T
Pirates 6 4 13 23
Bears 11 6 8 25

1st period

1. Bears , Mike Green 7 (Andreas Athanasiou, Jesse Root) at 11:03
2. Bears , Jesse Root 3 (Matt Carkner, Ben Youds) at 18:09
3. Bears , Mike Green 8 (Robyn Regehr, John Gibson) at 19:47 (PP)

Penalties :
Kyle Jean (Her) for Fighting (Major) at 11:14, Keith Aulie (POR) for Fighting (Major) at 11:14, Kyle Jean (Her) for instigated a fight (Minor) at 11:14, Kyle Jean (Her) for instigated a fight (10 Minutes Misconduct) at 11:14, Robyn Regehr (Her) for Tripping (Minor) at 11:24, Zack Stortini (POR) for Hooking (Minor) at 19:36

2nd period

4. Bears , Robyn Regehr 3 (Justin Florek, Maxime Macenauer) at 14:08

Penalties :
Justin Florek (Her) for Fighting (Major) at 2:11, Steve Spinell (POR) for Fighting (Major) at 2:11

3rd period

5. Bears , Ben Youds 3 (Andreas Athanasiou, Zac Rinaldo) at 5:49 (PP)
6. Bears , Jeremy Langlois 10 (Zac Rinaldo, Mike Green) at 12:39
7. Bears , Justin Florek 8 (Mike Green, Jeremy Langlois) at 18:27 (PP)

Penalties :
Zac Rinaldo (Her) for Hooking (Minor) at 0:34, Steve Spinell (POR) for Hooking (Minor) at 4:39, Kyle Jean (Her) for Fighting (Major) at 7:56, Keith Aulie (POR) for Fighting (Major) at 7:56, Zac Rinaldo (Her) for Cross-checking (Minor) at 10:23, Andreas Athanasiou (Her) for Tripping (Minor) at 14:33, Reid McNeill (POR) for Roughing (Minor) at 17:40

Goalie Stats

FARM GOALIE10 (POR), 13 saves from 17 shots - (0.765), L, 0-6-0, 34:08 minutes
FARM GOALIE14 (POR), 5 saves from 8 shots - (0.625), 25:52 minutes
John Gibson (Her), 23 saves from 23 shots - (1.000), W, 13-11-5, 60:00 minutes

Players Stats for Pirates

Player Name              G  A  P  +/- PIM S  H  SB GA TA FO     MP     PP MP  PK MP  
------------------------------------------------------------------------------------
Andrey Pedan             0  0  0   0  0   1  4  0  0  1  0/0    19:14   2:12   2:08 
Anthony Duclair          0  0  0   0  0   3  0  1  2  0  0/0    17:51   3:42   0:00 
C.J. Ludwig              0  0  0   0  0   3  2  0  0  0  0/0    14:11   0:00   0:00 
Daniel Carcillo          0  0  0   0  0   3  1  0  7  1  1/1    17:59   4:24   0:00 
Danny Kristo             0  0  0  -2  0   3  2  0  1  1  0/1    16:31   0:00   0:00 
Henrik Samuelsson        0  0  0   0  0   0  2  0  3  1  6/11   17:59   4:24   0:00 
Jesper Fast              0  0  0  -2  0   1  2  1  0  2  4/8    22:42   4:24   1:25 
Johan Sundstrom          0  0  0   0  0   1  3  0  0  0  7/13   17:51   3:42   0:00 
John Persson             0  0  0   0  0   0  0  0  0  0  0/0     1:48   0:00   0:00 
Keith Aulie              0  0  0  -1  10  2  2  2  2  1  0/0    20:50   2:24   2:08 
Kerby Rychel             0  0  0  -2  0   0  1  1  1  1  0/0    15:57   0:00   0:00 
Martin Frk               0  0  0  -2  0   0  0  0  1  0  0/0     5:58   0:00   0:00 
Matt Puempel             0  0  0   0  0   3  3  0  0  0  0/0    19:59   3:42   2:08 
Reid McNeill             0  0  0  -3  2   0  2  0  1  1  0/0    21:56   3:30   0:00 
Ryan Potulny             0  0  0  -2  0   2  1  1  0  1  2/10   15:57   0:00   0:00 
Steve Spinell            0  0  0  -2  7   1  0  1  0  1  0/0    21:20   3:01   0:00 
Tim Erixon               0  0  0  -2  0   0  0  0  0  0  0/0    22:22   5:05   0:00 
Zack Stortini            0  0  0  -2  2   0  1  0  0  0  0/0     7:16   0:00   0:43 

Players Stats for Bears

Player Name              G  A  P  +/- PIM S  H  SB GA TA FO     MP     PP MP  PK MP  
------------------------------------------------------------------------------------
Andreas Athanasiou       0  2  2   1  2   1  0  0  1  1  1/6    22:46   1:19   1:53 
Ben Youds                1  1  2   1  0   2  2  1  2  0  0/0    25:43   1:11   2:48 
Jeremy Langlois          1  1  2   1  0   4  0  1  1  0  0/0    16:36   0:49   0:35 
Jesse Root               1  1  2   2  0   2  2  1  1  0  5/8    17:04   0:23   2:54 
Julian Melchiori         0  0  0   0  0   0  0  1  0  1  0/0     6:59   0:00   2:48 
Justin Florek            1  1  2   3  5   3  1  1  1  1  2/2    20:48   0:49   1:39 
Kyle Jean                0  0  0   1  22  0  1  0  0  0  0/0    11:19   0:00   1:15 
Ludwig Bystrom           0  0  0   0  0   0  0  0  0  0  0/0     0:00   0:00   0:00 
Marko Dano               0  0  0   0  0   2  4  0  2  1  6/11   22:01   1:19   4:12 
Matt Carkner             0  1  1   1  0   2  1  1  0  1  0/0    22:28   1:11   1:59 
Matt Pelech              0  0  0   0  0   0  1  0  0  0  0/0     2:05   0:00   0:00 
Maxime Macenauer         0  1  1   2  0   2  2  0  1  1  2/7    11:58   0:00   0:00 
Mike Green               2  2  4   3  0   5  1  1  2  0  0/0    29:38   0:57   5:18 
Nathan McIver            0  0  0   0  0   0  0  0  0  0  0/0     7:13   0:00   0:00 
Patrick Holland          0  0  0   1  0   0  0  1  0  0  0/0    10:27   0:00   0:00 
Robyn Regehr             1  1  2   3  2   2  1  3  2  3  0/0    28:37   0:57   3:18 
Tyler Brown              0  0  0   0  0   0  2  0  2  0  7/9    18:51   0:26   1:55 
Zac Rinaldo              0  2  2   1  4   0  6  0  4  0  1/1    15:20   1:19   0:00 

3 Stars

1 - Mike Green (Her)
2 - John Gibson (Her)
3 - Jesse Root (Her)

Power Play

Pirates - 0 on 5 Attempt(s) - 0.00%
Bears - 3 on 3 Attempt(s) - 100.00%

Penalty Kill

Pirates - 0 on 3 Attempt(s) - 0.00% - Score 0 goal in Penalty Kill
Bears - 5 on 5 Attempt(s) - 100.00% - Score 0 goal in Penalty Kill

Team Stat

Pirates - Hits : 26 - Faceoff Wins : 20 - Blocked Shots : 7 - Penalty Minutes : 21
Bears - Hits : 24 - Faceoff Wins : 24 - Blocked Shots : 11 - Penalty Minutes : 35

Official

Referees : Unknown
Linesman : Unknown

Game Notes

John Persson is injured at 9:19 of 1st period (Lower Body)
Kyle Jean and Keith Aulie fight to a draw at 11:14 of 1st period
Justin Florek and Steve Spinell fight to a draw at 2:11 of 2nd period
FARM GOALIE14 enters game at 14:08 of 2nd period
Kyle Jean and Keith Aulie fight to a draw at 7:56 of 3rd period

Finance

Level 1 -- Attendance: 1577 (78.85%) -- Ticket Income $55,195
Level 2 -- Attendance: 724 (72.40%) -- Ticket Income $10,860
Total Attendance: 2301 (76.70%)
Total Ticket Income: $66,055
Other Income: $32,367
Total Income: $98,422

Pirates

5 vs 5 Forward 
   Center                   Left Wing                Right Wing               Time % Phy DF OF 
 1 Henrik Samuelsson        Jesper Fast              Daniel Carcillo          35     1   2  2  
 2 Johan Sundstrom          Matt Puempel             Anthony Duclair          30     1   2  2  
 3 Ryan Potulny             Kerby Rychel             Danny Kristo             22     1   2  2  
 4 Jesper Fast              John Persson             Zack Stortini            13     1   2  2  

5 vs 5 Defense 
   Defense                  Defense                                           Time % Phy DF OF 
 1 Tim Erixon               Keith Aulie                                       35     1   2  2  
 2 Reid McNeill             Steve Spinell                                     30     1   2  2  
 3 Andrey Pedan             C.J. Ludwig                                       22     1   2  2  
 4 Steve Spinell            Keith Aulie                                       13     1   2  2  

PowerPlay Forward 
   Center                   Left Wing                Right Wing               Time % Phy DF OF 
 1 Henrik Samuelsson        Jesper Fast              Daniel Carcillo          60     1   2  2  
 2 Johan Sundstrom          Matt Puempel             Anthony Duclair          40     1   2  2  

PowerPlay Defense
   Defense                  Defense                                           Time % Phy DF OF 
 1 Tim Erixon               Keith Aulie                                       60     1   2  2  
 2 Reid McNeill             Steve Spinell                                     40     1   2  2  

Penalty Kill 4 Players Forward 
   Center                   Wing                     Time % Phy DF OF 
 1 Jesper Fast              Matt Puempel             60     1   2  2  
 2 Daniel Carcillo          Anthony Duclair          40     1   2  2  

Penalty Kill 4 Players Defense
   Defense                  Defense                  Time % Phy DF OF 
 1 Andrey Pedan             Keith Aulie              60     1   2  2  
 2 Reid McNeill             Steve Spinell            40     1   2  2  

Penalty Kill - 3 Players Forward 
   Forward                                           Time % Phy DF OF 
 1 Jesper Fast                                       60     1   2  2  
 2 Matt Puempel                                      40     1   2  2  

Penalty Kill - 3 Players Defense
   Defense                  Defense                  Time % Phy DF OF 
 1 Tim Erixon               Keith Aulie              60     1   2  2  
 2 Reid McNeill             Steve Spinell            40     1   2  2  

4 vs 4 Forward 
   Center                   Wing                     Time % Phy DF OF 
 1 Jesper Fast              Matt Puempel             60     1   2  2  
 2 Daniel Carcillo          Anthony Duclair          40     1   2  2  

4 vs 4 Defense
   Defense                  Defense                  Time % Phy DF OF 
 1 C.J. Ludwig              Keith Aulie              60     1   2  2  
 2 Reid McNeill             Steve Spinell            40     1   2  2  

Last Minutes Offensive
   Center                   Left Wing                Right Wing               Defense                  Defense                  
   Henrik Samuelsson        Jesper Fast              Daniel Carcillo          Tim Erixon               Keith Aulie              

Last Minutes Defensive
   Center                   Left Wing                Right Wing               Defense                  Defense                  
   Henrik Samuelsson        Jesper Fast              Daniel Carcillo          Tim Erixon               Keith Aulie              

Goaltenders
Starting : FARM GOALIE10            
Backup : FARM GOALIE14            

Extra Forwards
Normal : Martin Frk, Danny Kristo, Zack Stortini - PP : Martin Frk, Danny Kristo - PK : Zack Stortini
Extra Defensemen
Normal : Andrey Pedan, C.J. Ludwig, Reid McNeill - PP : Andrey Pedan - PK : C.J. Ludwig, Reid McNeill
Penalty Shots
Jesper Fast, Matt Puempel, Daniel Carcillo, Anthony Duclair, Danny Kristo

Bears

5 vs 5 Forward 
   Center                   Left Wing                Right Wing               Time % Phy DF OF 
 1 Marko Dano               Zac Rinaldo              Andreas Athanasiou       35     1   2  2  
 2 Tyler Brown              Justin Florek            Jeremy Langlois          30     1   2  2  
 3 Jesse Root               Andreas Athanasiou       Patrick Holland          22     1   2  2  
 4 Maxime Macenauer         Kyle Jean                Justin Florek            13     1   2  2  

5 vs 5 Defense 
   Defense                  Defense                                           Time % Phy DF OF 
 1 Robyn Regehr             Mike Green                                        35     1   2  2  
 2 Matt Carkner             Ben Youds                                         30     1   2  2  
 3 Ben Youds                Robyn Regehr                                      22     1   2  2  
 4 Mike Green               Robyn Regehr                                      13     1   2  2  

PowerPlay Forward 
   Center                   Left Wing                Right Wing               Time % Phy DF OF 
 1 Andreas Athanasiou       Marko Dano               Zac Rinaldo              60     1   2  2  
 2 Tyler Brown              Justin Florek            Jeremy Langlois          40     1   2  2  

PowerPlay Defense
   Defense                  Defense                                           Time % Phy DF OF 
 1 Robyn Regehr             Mike Green                                        60     1   2  2  
 2 Ben Youds                Matt Carkner                                      40     1   2  2  

Penalty Kill 4 Players Forward 
   Center                   Wing                     Time % Phy DF OF 
 1 Andreas Athanasiou       Marko Dano               60     1   2  2  
 2 Justin Florek            Jeremy Langlois          40     1   2  2  

Penalty Kill 4 Players Defense
   Defense                  Defense                  Time % Phy DF OF 
 1 Robyn Regehr             Mike Green               60     1   2  2  
 2 Ben Youds                Julian Melchiori         40     1   2  2  

Penalty Kill - 3 Players Forward 
   Forward                                           Time % Phy DF OF 
 1 Justin Florek                                     60     1   2  2  
 2 Jeremy Langlois                                   40     1   2  2  

Penalty Kill - 3 Players Defense
   Defense                  Defense                  Time % Phy DF OF 
 1 Robyn Regehr             Mike Green               60     1   2  2  
 2 Matt Carkner             Ben Youds                40     1   2  2  

4 vs 4 Forward 
   Center                   Wing                     Time % Phy DF OF 
 1 Jesse Root               Zac Rinaldo              60     1   2  2  
 2 Justin Florek            Jeremy Langlois          40     1   2  2  

4 vs 4 Defense
   Defense                  Defense                  Time % Phy DF OF 
 1 Robyn Regehr             Mike Green               60     1   2  2  
 2 Ben Youds                Ludwig Bystrom           40     1   2  2  

Last Minutes Offensive
   Center                   Left Wing                Right Wing               Defense                  Defense                  
   Marko Dano               Zac Rinaldo              Justin Florek            Robyn Regehr             Mike Green               

Last Minutes Defensive
   Center                   Left Wing                Right Wing               Defense                  Defense                  
   Marko Dano               Zac Rinaldo              Justin Florek            Robyn Regehr             Mike Green               

Goaltenders
Starting : John Gibson              
Backup : Patrik Bartosak          

Extra Forwards
Normal : Justin Florek, Andreas Athanasiou, Jesse Root - PP : Justin Florek, Andreas Athanasiou - PK : Jesse Root
Extra Defensemen
Normal : Ben Youds, Robyn Regehr, Mike Green - PP : Ben Youds - PK : Mike Green, Robyn Regehr
Penalty Shots
Andreas Athanasiou, Tyler Brown, Jesse Root, Justin Florek, Jeremy Langlois

% Time on Ice - Pirates

Lines # - Real PCT - Wanted PCT - Time Play
Normal Forward
1 - 26% - 35% - 13:05
2 - 28% - 30% - 14:09
3 - 32% - 22% - 15:57
4 - 13% - 13% - 6:35
Normal Defense
1 - 34% - 35% - 17:01
2 - 31% - 30% - 15:32
3 - 22% - 22% - 11:04
4 - 12% - 13% - 6:09
PP Forward
1 - 54% - 60% - 4:24
2 - 46% - 40% - 3:42
PP Defense
1 - 63% - 60% - 5:05
2 - 37% - 40% - 3:01
PK Forward
1 - 100% - 60% - 2:08
2 - 0% - 40% - 0:00
PK Defense
1 - 100% - 60% - 2:08
2 - 0% - 40% - 0:00
PK3 Forward
1 - 0% - 60%
2 - 0% - 40%
PK3 Defense
1 - 0% - 60%
2 - 0% - 40%
44 Forward
1 - 0% - 60%
2 - 0% - 40%
44 Defense
1 - 0% - 60%
2 - 0% - 40%
Last Minute Offensive  - 0:00
Last Minute Defensive  - 0:00
Total
Forward - 60:00
Defense - 60:00

% Time on Ice - Bears

Lines # - Real PCT - Wanted PCT - Time Play
Normal Forward
1 - 30% - 35% - 14:41
2 - 24% - 30% - 12:06
3 - 19% - 22% - 9:33
4 - 27% - 13% - 13:26
Normal Defense
1 - 37% - 35% - 18:15
2 - 35% - 30% - 17:19
3 - 18% - 22% - 8:51
4 - 11% - 13% - 5:21
PP Forward
1 - 62% - 60% - 1:19
2 - 38% - 40% - 0:49
PP Defense
1 - 45% - 60% - 0:57
2 - 55% - 40% - 1:11
PK Forward
1 - 97% - 60% - 6:04
2 - 3% - 40% - 0:13
PK Defense
1 - 55% - 60% - 3:29
2 - 45% - 40% - 2:48
PK3 Forward
1 - 80% - 60% - 1:27
2 - 20% - 40% - 0:22
PK3 Defense
1 - 100% - 60% - 1:49
2 - 0% - 40% - 0:00
44 Forward
1 - 0% - 60%
2 - 0% - 40%
44 Defense
1 - 0% - 60%
2 - 0% - 40%
Last Minute Offensive  - 0:00
Last Minute Defensive  - 0:00
Total
Forward - 60:00
Defense - 60:00

Play by Play

1st period


0:01 of 1st period - Henrik Samuelsson wins face-off versus Marko Dano in neutral zone.
1:07 of 1st period - Snap shot by Tyler Brown.
1:07 of 1st period - Shot Misses the Net.
2:05 of 1st period - Andreas Athanasiou is hit by C.J. Ludwig.
3:23 of 1st period - Wrist shot by Zac Rinaldo.
3:23 of 1st period - Shot Misses the Net.
3:55 of 1st period - Mike Green is hit by Kerby Rychel and loses puck.
4:22 of 1st period - Kerby Rychel is hit by Marko Dano and loses puck.
5:20 of 1st period - Matt Carkner is hit by C.J. Ludwig and loses puck.
5:43 of 1st period - Off-side.
5:44 of 1st period - Zac Rinaldo wins face-off versus Jesper Fast in neutral zone.
6:24 of 1st period - Tim Erixon is hit by Maxime Macenauer and loses puck.
6:51 of 1st period - Slapshot by Anthony Duclair.
6:51 of 1st period - Shot Blocked by Jesse Root.
7:09 of 1st period - Maxime Macenauer is hit by Matt Puempel and loses puck.
7:35 of 1st period - Snap shot by Daniel Carcillo.
7:35 of 1st period - Stopped by John Gibson with a rebound.
8:01 of 1st period - Snap shot by Jeremy Langlois.
8:01 of 1st period - Shot Misses the Net.
9:11 of 1st period - Nathan McIver is hit by Reid McNeill and loses puck.
9:18 of 1st period - John Persson is hit by Maxime Macenauer and loses puck.
9:19 of 1st period - John Persson from Pirates is injured at 9:19 of 1st period (Lower Body).
9:20 of 1st period - Marko Dano wins face-off versus Henrik Samuelsson in Pirates zone.
10:11 of 1st period - Anthony Duclair is hit by Tyler Brown and loses puck.
10:36 of 1st period - Jeremy Langlois is hit by Johan Sundstrom and loses puck.
11:03 of 1st period - Slapshot by Mike Green.
11:03 of 1st period - Goal by Mike Green - Pirates : 0 - Bears : 1.
11:04 of 1st period - Ryan Potulny wins face-off versus Maxime Macenauer in neutral zone.
11:14 of 1st period - Kyle Jean and Keith Aulie fight to a draw.
11:14 of 1st period - Penalty to Kyle Jean for Fighting.
11:14 of 1st period - Penalty to Keith Aulie for Fighting.
11:14 of 1st period - Penalty to Kyle Jean for instigated a fight.
11:14 of 1st period - Penalty to Kyle Jean for instigated a fight.
11:15 of 1st period - Henrik Samuelsson wins face-off versus Marko Dano in neutral zone.
11:17 of 1st period - Off-side.
11:18 of 1st period - Henrik Samuelsson wins face-off versus Andreas Athanasiou in neutral zone.
11:24 of 1st period - Minor Penalty to Robyn Regehr for Tripping.
11:25 of 1st period - Justin Florek wins face-off versus Henrik Samuelsson in Bears zone.
13:14 of 1st period - Penalty to Kyle Jean is over, Tyler Brown is send on ice.
13:24 of 1st period - Penalty to Robyn Regehr is over, Robyn Regehr is back on ice.
13:33 of 1st period - Matt Puempel is hit by Mike Green and loses puck.
13:50 of 1st period - Wrist shot by Kerby Rychel.
13:50 of 1st period - Shot Misses the Net.
13:52 of 1st period - Wrist shot by Ryan Potulny.
13:52 of 1st period - Stopped by John Gibson with a rebound.
14:00 of 1st period - Snap shot by Kerby Rychel.
14:00 of 1st period - Shot Blocked by Mike Green.
14:02 of 1st period - Slapshot by Danny Kristo.
14:02 of 1st period - Stopped by John Gibson with a rebound.
14:04 of 1st period - Slapshot by Steve Spinell.
14:04 of 1st period - Deflect By Danny Kristo.
14:04 of 1st period - Shot Misses the Net.
14:04 of 1st period - Puck is out of play.
14:05 of 1st period - Jesse Root wins face-off versus Jesper Fast in Bears zone.
14:26 of 1st period - Snap shot by Jesper Fast.
14:26 of 1st period - Stopped by John Gibson with a rebound.
14:28 of 1st period - Slapshot by Reid McNeill.
14:28 of 1st period - Shot Blocked by Robyn Regehr.
14:30 of 1st period - Slapshot by Steve Spinell.
14:30 of 1st period - Stopped by John Gibson with a rebound.
14:38 of 1st period - Patrick Holland is hit by Zack Stortini and loses puck.
14:49 of 1st period - Reid McNeill is hit by Jesse Root and loses puck.
14:58 of 1st period - Andreas Athanasiou is hit by Danny Kristo and loses puck.
15:23 of 1st period - Ryan Potulny is hit by Ben Youds and loses puck.
15:32 of 1st period - Wrist shot by Jeremy Langlois.
15:32 of 1st period - Shot Misses the Net.
15:50 of 1st period - Snap shot by Justin Florek.
15:50 of 1st period - Shot Misses the Net.
15:52 of 1st period - Wrist shot by Maxime Macenauer.
15:52 of 1st period - Shot Misses the Net.
15:54 of 1st period - Snap shot by Maxime Macenauer.
15:54 of 1st period - Stopped by FARM GOALIE10 with a rebound.
16:06 of 1st period - Slapshot by Marko Dano.
16:06 of 1st period - Stopped by FARM GOALIE10 with a rebound.
16:48 of 1st period - Johan Sundstrom is hit by Marko Dano and loses puck.
17:51 of 1st period - Wrist shot by Daniel Carcillo.
17:51 of 1st period - Stopped by John Gibson without a rebound.
17:52 of 1st period - Jesper Fast wins face-off versus Maxime Macenauer in Bears zone.
17:57 of 1st period - Snap shot by Maxime Macenauer.
17:57 of 1st period - Shot Misses the Net.
17:59 of 1st period - Wrist shot by Maxime Macenauer.
17:59 of 1st period - Shot Misses the Net.
18:01 of 1st period - Snap shot by Ben Youds.
18:01 of 1st period - Shot Blocked by Keith Aulie.
18:03 of 1st period - Wrist shot by Matt Carkner.
18:03 of 1st period - Stopped by FARM GOALIE10 with a rebound.
18:05 of 1st period - Slapshot by Jesse Root.
18:05 of 1st period - Shot Blocked by Jesper Fast.
18:09 of 1st period - Wrist shot by Jesse Root.
18:09 of 1st period - Goal by Jesse Root - Pirates : 0 - Bears : 2.
18:10 of 1st period - Tyler Brown wins face-off versus Johan Sundstrom in neutral zone.
18:19 of 1st period - Wrist shot by Jeremy Langlois.
18:19 of 1st period - Shot Misses the Net.
18:21 of 1st period - Slapshot by Robyn Regehr.
18:21 of 1st period - Stopped by FARM GOALIE10 with a rebound.
18:27 of 1st period - Snap shot by Justin Florek.
18:27 of 1st period - Stopped by FARM GOALIE10 with a rebound.
18:49 of 1st period - Slapshot by Mike Green.
18:49 of 1st period - Shot Blocked by Steve Spinell.
19:19 of 1st period - Wrist shot by Henrik Samuelsson.
19:19 of 1st period - Deflect By Jesper Fast.
19:19 of 1st period - Shot Misses the Net.
19:19 of 1st period - Puck is out of play.
19:20 of 1st period - Jesse Root wins face-off versus Henrik Samuelsson in Bears zone.
19:31 of 1st period - Backhand shot by Jesse Root.
19:31 of 1st period - Stopped by FARM GOALIE10 without a rebound.
19:32 of 1st period - Tyler Brown wins face-off versus Jesper Fast in Pirates zone.
19:36 of 1st period - Minor Penalty to Zack Stortini for Hooking.
19:37 of 1st period - Andreas Athanasiou wins face-off versus Jesper Fast in Pirates zone.
19:47 of 1st period - Slapshot by Mike Green.
19:47 of 1st period - Deflect By Matt Puempel.
19:47 of 1st period - Goal by Mike Green - Pirates : 0 - Bears : 3.
19:48 of 1st period - Tyler Brown wins face-off versus Ryan Potulny in neutral zone.
19:51 of 1st period - Snap shot by Jeremy Langlois.
19:51 of 1st period - Stopped by FARM GOALIE10 with a rebound.
19:53 of 1st period - Snap shot by Tyler Brown.
19:53 of 1st period - Shot Hit the Post.
19:55 of 1st period - Snap shot by Matt Carkner.
19:55 of 1st period - Stopped by FARM GOALIE10 with a rebound.
19:57 of 1st period - Slapshot by Ben Youds.
19:57 of 1st period - Shot Misses the Net.
19:59 of 1st period - Slapshot by Ben Youds.
19:59 of 1st period - Shot Blocked by Kerby Rychel.
Goals for this period are 0 for Pirates vs 3 for Bears.
Shots for this period are 6 for Pirates vs 11 for Bears.

2nd period


0:01 of 2nd period - Marko Dano wins face-off versus Henrik Samuelsson in neutral zone.
0:23 of 2nd period - Icing by Marko Dano.
0:24 of 2nd period - Marko Dano wins face-off versus Johan Sundstrom in Bears zone.
1:33 of 2nd period - Snap shot by Justin Florek.
1:33 of 2nd period - Stopped by FARM GOALIE10 with a rebound.
1:39 of 2nd period - Justin Florek is hit by Keith Aulie.
1:43 of 2nd period - Jesper Fast is hit by Justin Florek and loses puck.
2:11 of 2nd period - Justin Florek and Steve Spinell fight to a draw.
2:11 of 2nd period - Penalty to Justin Florek for Fighting.
2:11 of 2nd period - Penalty to Steve Spinell for Fighting.
2:12 of 2nd period - Johan Sundstrom wins face-off versus Jesse Root in Bears zone.
2:25 of 2nd period - Patrick Holland is hit by Matt Puempel and loses puck.
3:02 of 2nd period - Kerby Rychel is hit by Jesse Root and loses puck.
3:33 of 2nd period - Slapshot by Keith Aulie.
3:33 of 2nd period - Shot Blocked by Matt Carkner.
3:39 of 2nd period - Keith Aulie is hit by Ben Youds and loses puck.
4:14 of 2nd period - Wrist shot by Henrik Samuelsson.
4:14 of 2nd period - Shot Misses the Net.
4:26 of 2nd period - Ben Youds is hit by Andrey Pedan and loses puck.
4:35 of 2nd period - Jesper Fast is hit by Tyler Brown and loses puck.
5:03 of 2nd period - Off-side.
5:04 of 2nd period - Johan Sundstrom wins face-off versus Jesse Root in neutral zone.
5:09 of 2nd period - Robyn Regehr is hit by Johan Sundstrom and loses puck.
5:58 of 2nd period - Snap shot by Zack Stortini.
5:58 of 2nd period - Shot Misses the Net.
6:14 of 2nd period - 10 Minutes Misconduct Penalty to Kyle Jean is over.
6:24 of 2nd period - Slapshot by Jeremy Langlois.
6:24 of 2nd period - Shot Misses the Net.
6:26 of 2nd period - Wrist shot by Jeremy Langlois.
6:26 of 2nd period - Stopped by FARM GOALIE10 with a rebound.
6:54 of 2nd period - Kyle Jean is hit by Andrey Pedan.
7:06 of 2nd period - Daniel Carcillo is hit by Kyle Jean and loses puck.
7:49 of 2nd period - Zack Stortini is hit by Robyn Regehr and loses puck.
8:08 of 2nd period - Anthony Duclair is hit by Zac Rinaldo and loses puck.
8:33 of 2nd period - Andrey Pedan is hit by Zac Rinaldo and loses puck.
8:50 of 2nd period - Andreas Athanasiou is hit by Andrey Pedan and loses puck.
9:05 of 2nd period - Tyler Brown is hit by Daniel Carcillo and loses puck.
9:10 of 2nd period - Wrist shot by Daniel Carcillo.
9:10 of 2nd period - Shot Blocked by Julian Melchiori.
9:38 of 2nd period - Slapshot by Daniel Carcillo.
9:38 of 2nd period - Deflect By Zack Stortini.
9:38 of 2nd period - Shot Misses the Net.
9:38 of 2nd period - Puck is out of play.
9:39 of 2nd period - Henrik Samuelsson wins face-off versus Maxime Macenauer in Bears zone.
9:42 of 2nd period - Wrist shot by Daniel Carcillo.
9:42 of 2nd period - Deflect By Mike Green.
9:42 of 2nd period - Shot Misses the Net.
9:42 of 2nd period - Puck is out of play.
9:43 of 2nd period - Daniel Carcillo wins face-off versus Maxime Macenauer in Bears zone.
10:12 of 2nd period - Slapshot by Anthony Duclair.
10:12 of 2nd period - Shot Misses the Net.
10:18 of 2nd period - Anthony Duclair is hit by Zac Rinaldo and loses puck.
11:02 of 2nd period - Slapshot by Mike Green.
11:02 of 2nd period - Stopped by FARM GOALIE10 with a rebound.
11:04 of 2nd period - Wrist shot by Jeremy Langlois.
11:04 of 2nd period - Shot Misses the Net.
11:06 of 2nd period - Snap shot by Jeremy Langlois.
11:06 of 2nd period - Deflect By Justin Florek.
11:06 of 2nd period - Shot Misses the Net.
11:06 of 2nd period - Puck is out of play.
11:07 of 2nd period - Jesper Fast wins face-off versus Tyler Brown in Pirates zone.
11:07 of 2nd period - Jesper Fast is hit by Matt Carkner.
12:25 of 2nd period - Slapshot by Mike Green.
12:25 of 2nd period - Shot Misses the Net.
12:27 of 2nd period - Snap shot by Zac Rinaldo.
12:27 of 2nd period - Shot Blocked by Anthony Duclair.
12:29 of 2nd period - Snap shot by Marko Dano.
12:29 of 2nd period - Shot Misses the Net.
12:31 of 2nd period - Slapshot by Mike Green.
12:31 of 2nd period - Stopped by FARM GOALIE10 with a rebound.
12:43 of 2nd period - Tim Erixon is hit by Matt Pelech and loses puck.
14:04 of 2nd period - Backhand shot by Mike Green.
14:04 of 2nd period - Deflect By Maxime Macenauer.
14:04 of 2nd period - Stopped by FARM GOALIE10 with a rebound.
14:06 of 2nd period - Snap shot by Justin Florek.
14:06 of 2nd period - Shot Misses the Net.
14:08 of 2nd period - Wrist shot by Robyn Regehr.
14:08 of 2nd period - Goal by Robyn Regehr - Pirates : 0 - Bears : 4.
14:08 of 2nd period - FARM GOALIE14 enters game.
14:09 of 2nd period - Maxime Macenauer wins face-off versus Ryan Potulny in neutral zone.
14:25 of 2nd period - Snap shot by Danny Kristo.
14:25 of 2nd period - Shot Misses the Net.
14:29 of 2nd period - Snap shot by Ryan Potulny.
14:29 of 2nd period - Stopped by John Gibson with a rebound.
14:39 of 2nd period - Kyle Jean is hit by Danny Kristo and loses puck.
14:58 of 2nd period - Daniel Carcillo is hit by Zac Rinaldo and loses puck.
15:44 of 2nd period - Zack Stortini is hit by Zac Rinaldo.
16:18 of 2nd period - Jeremy Langlois is hit by Henrik Samuelsson.
17:18 of 2nd period - Snap shot by Kerby Rychel.
17:18 of 2nd period - Shot Blocked by Patrick Holland.
17:20 of 2nd period - Slapshot by Kerby Rychel.
17:20 of 2nd period - Shot Misses the Net.
17:22 of 2nd period - Slapshot by C.J. Ludwig.
17:22 of 2nd period - Deflect By Zac Rinaldo.
17:22 of 2nd period - Stopped by John Gibson without a rebound.
17:23 of 2nd period - Maxime Macenauer wins face-off versus Ryan Potulny in Bears zone.
17:28 of 2nd period - Kerby Rychel is hit by Zac Rinaldo and loses puck.
17:35 of 2nd period - Slapshot by Keith Aulie.
17:35 of 2nd period - Shot Hit the Post.
17:37 of 2nd period - Slapshot by Keith Aulie.
17:37 of 2nd period - Deflect By Kerby Rychel.
17:37 of 2nd period - Shot Misses the Net.
17:37 of 2nd period - Puck is out of play.
17:38 of 2nd period - Johan Sundstrom wins face-off versus Marko Dano in Bears zone.
17:45 of 2nd period - Wrist shot by Matt Puempel.
17:45 of 2nd period - Stopped by John Gibson with a rebound.
17:47 of 2nd period - Snap shot by Matt Puempel.
17:47 of 2nd period - Deflect By Mike Green.
17:47 of 2nd period - Shot Misses the Net.
17:47 of 2nd period - Puck is out of play.
17:48 of 2nd period - Marko Dano wins face-off versus Johan Sundstrom in Bears zone.
18:09 of 2nd period - Andreas Athanasiou is hit by Johan Sundstrom and loses puck.
18:26 of 2nd period - Wrist shot by Danny Kristo.
18:26 of 2nd period - Shot Misses the Net.
18:28 of 2nd period - Backhand shot by Ryan Potulny.
18:28 of 2nd period - Deflect By Danny Kristo.
18:28 of 2nd period - Stopped by John Gibson without a rebound.
18:29 of 2nd period - Tyler Brown wins face-off versus Danny Kristo in Bears zone.
18:58 of 2nd period - Snap shot by Daniel Carcillo.
18:58 of 2nd period - Shot Blocked by Ben Youds.
19:53 of 2nd period - Slapshot by Martin Frk.
19:53 of 2nd period - Shot Blocked by Justin Florek.
Goals for this period are 0 for Pirates vs 1 for Bears.
Shots for this period are 4 for Pirates vs 6 for Bears.

3rd period


0:01 of 3rd period - Marko Dano wins face-off versus Henrik Samuelsson in neutral zone.
0:06 of 3rd period - Backhand shot by Mike Green.
0:06 of 3rd period - Shot Blocked by Keith Aulie.
0:34 of 3rd period - Minor Penalty to Zac Rinaldo for Hooking.
0:35 of 3rd period - Johan Sundstrom wins face-off versus Andreas Athanasiou in Bears zone.
0:35 of 3rd period - Snap shot by Anthony Duclair.
0:35 of 3rd period - Shot Misses the Net.
0:37 of 3rd period - Snap shot by Johan Sundstrom.
0:37 of 3rd period - Stopped by John Gibson with a rebound.
0:39 of 3rd period - Slapshot by Keith Aulie.
0:39 of 3rd period - Shot Blocked by Robyn Regehr.
0:41 of 3rd period - Slapshot by Keith Aulie.
0:41 of 3rd period - Shot Misses the Net.
1:11 of 3rd period - Slapshot by Keith Aulie.
1:11 of 3rd period - Stopped by John Gibson without a rebound.
1:12 of 3rd period - Henrik Samuelsson wins face-off versus Andreas Athanasiou in Bears zone.
2:08 of 3rd period - Snap shot by Matt Puempel.
2:08 of 3rd period - Stopped by John Gibson with a rebound.
2:10 of 3rd period - Slapshot by Keith Aulie.
2:10 of 3rd period - Stopped by John Gibson without a rebound.
2:11 of 3rd period - Jesse Root wins face-off versus Johan Sundstrom in Bears zone.
2:34 of 3rd period - Penalty to Zac Rinaldo is over, Zac Rinaldo is back on ice.
3:36 of 3rd period - Ben Youds is hit by Andrey Pedan.
4:00 of 3rd period - Slapshot by Danny Kristo.
4:00 of 3rd period - Stopped by John Gibson with a rebound.
4:02 of 3rd period - Backhand shot by C.J. Ludwig.
4:02 of 3rd period - Stopped by John Gibson with a rebound.
4:04 of 3rd period - Slapshot by Andrey Pedan.
4:04 of 3rd period - Deflect By Mike Green.
4:04 of 3rd period - Stopped by John Gibson without a rebound.
4:05 of 3rd period - Tyler Brown wins face-off versus Johan Sundstrom in Bears zone.
4:05 of 3rd period - Tyler Brown is hit by Reid McNeill.
4:24 of 3rd period - Wrist shot by Matt Puempel.
4:24 of 3rd period - Deflect By Anthony Duclair.
4:24 of 3rd period - Shot Misses the Net.
4:24 of 3rd period - Puck is out of play.
4:25 of 3rd period - Johan Sundstrom wins face-off versus Jesse Root in Bears zone.
4:30 of 3rd period - Slapshot by Anthony Duclair.
4:30 of 3rd period - Shot Blocked by Robyn Regehr.
4:39 of 3rd period - Minor Penalty to Steve Spinell for Hooking.
4:40 of 3rd period - Jesper Fast wins face-off versus Andreas Athanasiou in Pirates zone.
5:47 of 3rd period - Wrist shot by Andreas Athanasiou.
5:47 of 3rd period - Stopped by FARM GOALIE14 with a rebound.
5:49 of 3rd period - Wrist shot by Ben Youds.
5:49 of 3rd period - Goal by Ben Youds - Pirates : 0 - Bears : 5.
5:50 of 3rd period - Tyler Brown wins face-off versus Ryan Potulny in neutral zone.
7:18 of 3rd period - Snap shot by Marko Dano.
7:18 of 3rd period - Deflect By Andreas Athanasiou.
7:18 of 3rd period - Shot Hit the Post.
7:18 of 3rd period - Puck is out of play.
7:19 of 3rd period - Johan Sundstrom wins face-off versus Marko Dano in Pirates zone.
7:19 of 3rd period - Johan Sundstrom is hit by Marko Dano.
7:35 of 3rd period - Slapshot by Anthony Duclair.
7:35 of 3rd period - Stopped by John Gibson with a rebound.
7:37 of 3rd period - Slapshot by Anthony Duclair.
7:37 of 3rd period - Stopped by John Gibson with a rebound.
7:39 of 3rd period - Slapshot by C.J. Ludwig.
7:39 of 3rd period - Stopped by John Gibson without a rebound.
7:40 of 3rd period - Ryan Potulny wins face-off versus Maxime Macenauer in Bears zone.
7:56 of 3rd period - Kyle Jean and Keith Aulie fight to a draw.
7:56 of 3rd period - Penalty to Kyle Jean for Fighting.
7:56 of 3rd period - Penalty to Keith Aulie for Fighting.
7:57 of 3rd period - Justin Florek wins face-off versus Ryan Potulny in Bears zone.
8:41 of 3rd period - Icing by Tim Erixon.
8:42 of 3rd period - Marko Dano wins face-off versus Ryan Potulny in Pirates zone.
9:13 of 3rd period - Snap shot by Matt Puempel.
9:13 of 3rd period - Deflect By Justin Florek.
9:13 of 3rd period - Stopped by John Gibson with a rebound.
9:15 of 3rd period - Slapshot by Anthony Duclair.
9:15 of 3rd period - Stopped by John Gibson with a rebound.
10:12 of 3rd period - Marko Dano is hit by Jesper Fast and loses puck.
10:23 of 3rd period - Minor Penalty to Zac Rinaldo for Cross-checking.
10:24 of 3rd period - Johan Sundstrom wins face-off versus Marko Dano in Bears zone.
10:45 of 3rd period - Matt Puempel is hit by Marko Dano and loses puck.
11:50 of 3rd period - Slapshot by Matt Puempel.
11:50 of 3rd period - Shot Misses the Net.
11:52 of 3rd period - Wrist shot by Anthony Duclair.
11:52 of 3rd period - Shot Misses the Net.
12:16 of 3rd period - Robyn Regehr is hit by Henrik Samuelsson and loses puck.
12:23 of 3rd period - Penalty to Zac Rinaldo is over, Zac Rinaldo is back on ice.
12:39 of 3rd period - Slapshot by Zac Rinaldo.
12:39 of 3rd period - Deflect By Jeremy Langlois.
12:39 of 3rd period - Goal by Jeremy Langlois - Pirates : 0 - Bears : 6.
12:40 of 3rd period - Tyler Brown wins face-off versus Ryan Potulny in neutral zone.
12:52 of 3rd period - Snap shot by Jeremy Langlois.
12:52 of 3rd period - Stopped by FARM GOALIE14 with a rebound.
13:00 of 3rd period - Slapshot by Kerby Rychel.
13:00 of 3rd period - Shot Misses the Net.
13:02 of 3rd period - Slapshot by Steve Spinell.
13:02 of 3rd period - Shot Blocked by Jeremy Langlois.
13:04 of 3rd period - Backhand shot by Steve Spinell.
13:04 of 3rd period - Deflect By Danny Kristo.
13:04 of 3rd period - Shot Misses the Net.
13:04 of 3rd period - Puck is out of play.
13:05 of 3rd period - Jesse Root wins face-off versus Johan Sundstrom in Bears zone.
13:24 of 3rd period - Slapshot by Mike Green.
13:24 of 3rd period - Stopped by FARM GOALIE14 with a rebound.
13:34 of 3rd period - Justin Florek is hit by Keith Aulie and loses puck.
14:10 of 3rd period - Snap shot by Tyler Brown.
14:10 of 3rd period - Shot Misses the Net.
14:12 of 3rd period - Slapshot by Ben Youds.
14:12 of 3rd period - Stopped by FARM GOALIE14 with a rebound.
14:22 of 3rd period - Marko Dano is hit by Ryan Potulny and loses puck.
14:31 of 3rd period - Wrist shot by Danny Kristo.
14:31 of 3rd period - Shot Misses the Net.
14:33 of 3rd period - Minor Penalty to Andreas Athanasiou for Tripping.
14:34 of 3rd period - Henrik Samuelsson wins face-off versus Tyler Brown in Bears zone.
14:59 of 3rd period - Wrist shot by Daniel Carcillo.
14:59 of 3rd period - Stopped by John Gibson with a rebound.
16:33 of 3rd period - Penalty to Andreas Athanasiou is over, Andreas Athanasiou is back on ice.
16:36 of 3rd period - Tyler Brown is hit by Jesper Fast and loses puck.
17:21 of 3rd period - Snap shot by Kerby Rychel.
17:21 of 3rd period - Shot Misses the Net.
17:40 of 3rd period - Minor Penalty to Reid McNeill for Roughing.
17:41 of 3rd period - Jesper Fast wins face-off versus Andreas Athanasiou in Pirates zone.
18:25 of 3rd period - Slapshot by Mike Green.
18:25 of 3rd period - Shot Misses the Net.
18:27 of 3rd period - Wrist shot by Justin Florek.
18:27 of 3rd period - Goal by Justin Florek - Pirates : 0 - Bears : 7.
18:28 of 3rd period - Jesse Root wins face-off versus Ryan Potulny in neutral zone.
18:47 of 3rd period - Wrist shot by Andreas Athanasiou.
18:47 of 3rd period - Shot Blocked by Ryan Potulny.
19:18 of 3rd period - Justin Florek is hit by Matt Puempel and loses puck.
19:45 of 3rd period - Wrist shot by Marko Dano.
19:45 of 3rd period - Stopped by FARM GOALIE14 with a rebound.
Goals for this period are 0 for Pirates vs 3 for Bears.
Shots for this period are 13 for Pirates vs 8 for Bears.